Map: Reclamation LE

Players

Ekelpack

  • Race: Zerg Zerg
  • Spawn Location: 6:00

Nyck

  • Race: Terran Terran
  • League: Silver
  • Spawn Location: 5:00

Rocky

  • Race: Terran Terran
  • Spawn Location: 11:00

ramseslein

  • Race: Protoss Protoss
  • Spawn Location: 12:00

VOD

Have the link to the VOD?

Description

Time

  • Played on: Nov. 8, 2024, 11:28 a.m.
  • Length: 12:34
Show
View Real Time Build Order
Export as new Build Order

Ekelpack Zerg 

Build Orders: Hatch First 

Get SALT Encoding   

  12  0:00  Drone  
  13  0:12  Overlord  
  13  0:19  Drone  
  14  0:31  Drone  
  15  0:45  Hatchery  
  15  0:49  Drone  
  15  1:04  Spawning Pool  
  15  1:08  Drone  
  15  1:12  Extractor  
  15  1:14  Drone  
  15  1:17  Drone  
  16  1:24  Drone  
  17  1:30  Drone  
  18  1:44  Drone  
  19  1:51  Queen  
  21  1:56  Roach Warren  
  20  2:09  Queen  
  20  2:13  Drone  
  23  2:18  Drone  
  24  2:24  Drone  
  24  2:25  Drone  
  26  2:35  Extractor  
  26  2:36  Drone  
  26  2:37  Drone x2  
  28  2:44  Overlord  
  28  2:50  Evolution Chamber  
  27  3:03  Overlord  
  27  3:04  Roach x3  
  33  3:09  Roach  
  35  3:18  Zerg Missile Weapons Level 1  
  35  3:26  Roach x3  
  41  3:39  Spine Crawler  
  40  3:47  Queen  
  35  4:11  Drone x4  
  35  4:15  Drone x2  
  35  4:16  Drone  
  42  4:28  Lair  
  42  4:33  Drone x2  
  44  4:43  Overlord  
  44  4:59  Extractor  
  43  5:00  Drone  
  43  5:05  Drone  
  43  5:06  Drone x3, Overlord  
  48  5:07  Drone x3  
  48  5:08  Drone  
  52  5:20  Extractor  
  51  5:25  Drone x3  
  54  5:32  Hydralisk Den  
  53  5:38  Zerg Missile Weapons Level 2  
  53  5:40  Overlord  
  53  5:43  Drone x3  
  56  5:51  Overlord  
  56  5:57  Overlord  
  56  6:01  Hydralisk, Grooved Spines  
  56  6:02  Hydralisk x3  
  64  6:08  Hydralisk, Roach  
  68  6:13  Overlord  
  68  6:20  Hydralisk x2  
  68  6:23  Hydralisk  
  74  6:31  Hydralisk x2  
  78  6:35  Hydralisk  
  80  6:53  Muscular Augments  
  80  6:55  Queen  
  82  7:07  Hydralisk x3  
  82  7:08  Hydralisk  
  90  7:09  Overlord  
  90  7:23  Hydralisk  
  90  7:26  Overlord  
  92  7:57  Zerg Ground Armor Level 1  
  92  7:59  Hydralisk  
  92  8:00  Hydralisk x5  
  104  8:12  Hydralisk x2  
  104  8:14  Overlord  
  108  8:30  Overlord x2  
  108  8:31  Hatchery  
  107  8:45  Overlord, Hydralisk x3  
  107  8:46  Hydralisk  
  115  9:18  Hydralisk x6  
  115  9:19  Hydralisk x3  
  133  9:40  Spore Crawler  
  133  9:41  Drone x2  
  133  9:43  Drone x3  
  133  9:44  Drone x4  
  141  9:49  Overlord  
  141  9:54  Zerg Ground Armor Level 2  
  141  10:08  Drone  
  141  10:09  Drone x5  
  141  10:11  Extractor  
  141  10:13  Extractor  
  145  10:19  Overlord  
  145  10:30  Overlord  
  145  10:35  Drone x4  
  149  10:40  Hydralisk x3  
  149  10:41  Hydralisk x3  
  149  10:42  Overlord  
  161  10:48  Infestation Pit  
  160  11:00  Overlord  
  160  11:02  Drone, Overlord, Hydralisk  
  160  11:03  Hydralisk x5  
  173  11:09  Hydralisk  
  175  11:34  Overlord  
  175  11:35  Hydralisk x4  
  183  11:40  Hatchery  
  164  12:08  Hydralisk x5  
  102  12:09  Hydralisk x6  
  102  12:10  Hydralisk  
Show
View Real Time Build Order
Export as new Build Order

Nyck Terran 

Build Orders:  

Get SALT Encoding   

  12  0:00  SCV  
  13  0:12  SCV  
  14  0:18  Supply Depot  
  14  0:25  SCV  
  15  0:39  SCV  
  15  0:42  Barracks  
  16  0:45  Refinery  
  16  0:51  SCV  
  17  1:04  SCV  
  18  1:09  Barracks  
  18  1:16  SCV  
  19  1:22  Supply Depot  
  19  1:28  SCV  
  19  1:29  Reaper  
  21  1:40  Orbital Command  
  21  2:12  Command Center  
  21  2:13  SCV  
  22  2:25  SCV  
  22  2:27  Barracks Tech Lab, Barracks Reactor  
  23  2:34  Barracks  
  23  2:48  SCV  
  23  2:50  Combat Shield  
  24  2:56  Refinery  
  24  3:00  SCV  
  24  3:01  Marine  
  24  3:04  Marine  
  27  3:11  Factory  
  27  3:14  Marine  
  27  3:19  SCV, Marine  
  31  3:29  Orbital Command  
  31  3:31  SCV  
  31  3:32  Marine  
  31  3:33  Marine  
  33  3:35  Barracks Reactor  
  33  3:37  Barracks  
  33  3:43  SCV  
  33  3:47  Marine  
  35  3:54  Marine x2  
  38  3:55  SCV  
  38  4:01  Factory Reactor  
  38  4:09  SCV x2  
  40  4:12  Marine  
  40  4:13  Marine x3  
  40  4:16  Marauder  
  46  4:17  Stimpack  
  46  4:32  Supply Depot  
  46  4:53  SCV x2, Marine x2, Widow Mine x2  
  46  4:55  Supply Depot  
  46  4:58  Marine  
  54  5:13  Barracks Reactor  
  54  5:17  SCV x2, Marine  
  57  5:26  Supply Depot  
  57  5:29  SCV x2  
  57  5:35  Widow Mine  
  61  5:41  SCV  
  62  5:48  SCV, Marine x4, Refinery, Widow Mine  
  69  5:50  Refinery  
  69  5:51  Engineering Bay  
  69  5:53  SCV  
  70  6:00  Starport  
  70  6:23  Supply Depot  
  70  6:33  Terran Infantry Weapons Level 1  
  70  6:44  SCV, Marine x5, Command Center  
  70  6:45  Marauder  
  70  6:46  Supply Depot  
  78  7:04  Armory  
  78  7:07  SCV x2, Marine, Medivac x2  
  78  7:08  Supply Depot  
  85  7:09  Marine  
  85  7:15  Marine x2  
  86  7:29  SCV x2, Marine  
  89  7:30  Supply Depot  
  89  7:37  Medivac x2  
  89  7:38  Marine  
  94  7:51  Marine x4  
  94  7:52  Supply Depot, SCV x2, Marauder  
  102  8:04  SCV  
  79  8:23  Marine, Command Center  
  79  8:24  Marine x4  
  79  8:25  Marine  
  79  8:26  Marauder  
  87  8:30  Supply Depot, Medivac x2  
  91  8:36  Terran Infantry Armor Level 1  
  91  8:38  Engineering Bay  
  91  8:46  Orbital Command  
  91  8:55  SCV  
  91  8:56  Marine x4  
  91  8:57  Marine x2  
  91  9:02  Medivac x2  
  100  9:06  Barracks  
  100  9:08  Terran Infantry Weapons Level 2  
  102  9:32  SCV x2  
  102  9:33  Marine x4  
  102  9:34  Marine x2  
  102  9:35  Marine  
  102  9:37  Medivac x2  
  115  9:40  SCV  
  115  9:44  SCV  
  117  9:48  Terran Vehicle And Ship Armor Level 1  
  117  9:52  Barracks Reactor  
  117  9:59  Barracks  
  117  10:03  Marine x5  
  117  10:04  Marine  
  123  10:13  SCV x3  
  119  10:38  Marine x4  
  119  10:39  Marine x4  
  119  10:41  Marauder  
  119  10:42  Medivac x2  
  132  10:53  SCV  
  133  10:58  Orbital Command  
  133  11:10  Supply Depot  
  133  11:11  SCV, Marine x7  
  133  11:14  Concussive Shells  
  133  11:15  Marine  
  133  11:16  Marine  
  133  11:18  Barracks Reactor  
  143  11:26  Orbital Command  
  143  11:29  Marine  
  144  11:34  Supply Depot  
  144  11:35  SCV x2  
  146  11:47  SCV x2  
  148  11:58  Supply Depot  
  100  12:20  Supply Depot  
Show
View Real Time Build Order
Export as new Build Order

Rocky Terran 

Build Orders:  

Get SALT Encoding   

  12  0:00  SCV  
  13  0:12  SCV  
  14  0:17  Supply Depot  
  14  0:24  SCV  
  15  0:39  SCV  
  15  0:40  Barracks  
  16  0:51  SCV  
  17  1:03  SCV  
  18  1:04  Supply Depot  
  18  1:09  Barracks  
  18  1:13  Refinery  
  18  1:42  Orbital Command  
  18  2:04  Marine x2  
  19  2:08  SCV  
  19  2:09  Refinery  
  20  2:22  Barracks Tech Lab  
  20  2:24  Command Center  
  20  2:25  SCV  
  20  2:28  Barracks Tech Lab  
  21  2:46  Marauder  
  21  2:47  Marauder  
  25  2:51  Command Center  
  25  2:53  Concussive Shells  
  25  3:00  SCV  
  26  3:08  Factory, Marauder  
  28  3:15  Marauder  
  30  3:27  Engineering Bay  
  30  3:28  SCV  
  31  3:41  Stimpack  
  31  3:57  Supply Depot  
  31  4:03  Marauder x2  
  31  4:08  Orbital Command  
  35  4:11  Bunker  
  35  4:19  SCV  
  36  4:25  Barracks  
  37  4:38  Starport  
  36  4:43  Factory Reactor  
  36  4:48  Marauder  
  36  4:52  SCV  
  39  4:58  SCV  
  40  5:04  SCV  
  41  5:08  Terran Infantry Weapons Level 1  
  41  5:10  SCV  
  42  5:16  SCV  
  42  5:19  Marauder  
  45  5:22  SCV  
  45  5:27  Medivac  
  45  5:28  Medivac  
  50  5:30  Marine  
  50  5:31  Barracks Reactor  
  50  5:34  Combat Shield  
  51  5:39  Marine  
  52  5:47  Engineering Bay  
  52  5:48  Marine  
  53  5:50  SCV  
  53  5:51  Armory  
  53  5:56  Supply Depot  
  54  5:59  Supply Depot  
  54  6:18  SCV x2, Marine, Marauder  
  59  6:24  Marine x2  
  61  6:28  Medivac  
  61  6:29  Medivac  
  61  6:30  SCV x2  
  67  6:36  Marauder  
  67  6:39  Marine  
  70  7:02  Terran Infantry Armor Level 1  
  70  7:12  Marine x2  
  70  7:44  Marine x4, Medivac x2  
  78  8:01  Marine x4  
  65  8:19  Marine x4  
  65  8:21  Barracks  
  65  8:25  Command Center, Barracks  
  65  8:27  Barracks  
  65  8:37  Marine x4  
  69  8:45  Medivac x2  
  69  8:47  Factory Tech Lab  
  73  8:50  Terran Infantry Weapons Level 2  
  73  8:52  SCV  
  73  8:53  SCV  
  73  8:55  Marine x4  
  79  9:00  Refinery  
  79  9:04  SCV  
  79  9:05  SCV  
  81  9:12  Barracks Reactor  
  81  9:13  Marine x4, Barracks Reactor  
  81  9:14  Barracks Tech Lab  
  81  9:17  SCV  
  86  9:26  Supply Depot  
  86  9:28  Supply Depot  
  86  9:31  Supply Depot  
  86  9:32  Supply Depot  
  86  9:33  Refinery  
  86  9:36  Liberator  
  86  9:37  SCV  
  86  9:38  Marine x2  
  90  9:41  Orbital Command  
  92  9:47  Marauder x3  
  92  9:50  Terran Infantry Armor Level 2  
  98  9:57  Marine  
  98  9:58  Marine  
  100  10:07  SCV  
  100  10:08  SCV x2, Marauder x2  
  107  10:18  Supply Depot  
  107  10:19  SCV  
  108  10:34  Marine x3  
  111  10:56  Marine x2  
  111  10:57  Marine x2  
  113  10:58  Marine x3, Marauder  
  113  10:59  SCV x2  
  113  11:01  SCV  
  123  11:10  Liberator x2  
  130  11:11  SCV x2  
  130  11:12  Marine  
  130  11:13  SCV  
  130  11:14  Marine x2  
  130  11:16  Marauder  
  130  11:18  Marine  
  137  11:19  Marauder  
  137  11:22  Refinery  
  137  11:23  SCV  
  137  11:24  Refinery  
  141  11:30  Marine  
  141  11:31  SCV x2, Marauder  
  141  11:32  Command Center  
  146  11:33  Marine x2  
  146  11:34  Supply Depot  
  146  11:35  Supply Depot  
  148  11:40  Barracks  
  148  11:53  Marine  
  149  11:55  Marine x2  
  154  12:05  Marine x2, Marauder x2  
  133  12:11  Marine  
  133  12:12  Marine  
  133  12:15  Marine x3  
Show
View Real Time Build Order
Export as new Build Order

ramseslein Protoss 

Build Orders: Oracle Opening 

Get SALT Encoding   

  12  0:01  Probe  
  13  0:14  Pylon  
  13  0:18  Probe  
  14  0:30  Probe  
  15  0:41  Gateway  
  15  0:44  Probe  
  15  0:48  Assimilator  
  16  0:56  Probe  
  17  1:08  Probe  
  18  1:17  Pylon  
  18  1:23  Forge  
  18  1:31  Cybernetics Core  
  18  1:33  Probe  
  19  1:40  Pylon  
  19  1:52  Assimilator  
  19  1:53  Probe (Chrono Boost)  
  20  2:02  Probe (Chrono Boost)  
  20  2:03  Warp Gate (Chrono Boost)  
  21  2:14  Photon Cannon  
  21  2:24  Stargate  
  21  2:35  Probe  
  22  2:43  Stalker  
  24  2:47  Probe  
  25  3:00  Probe  
  25  3:05  Oracle (Chrono Boost)  
  29  3:18  Nexus  
  29  3:24  Probe  
  30  4:11  Pylon  
  30  4:12  Stalker  
  32  4:21  Gateway  
  32  4:23  Gateway  
  32  4:28  Gateway  
  33  4:34  Probe (Chrono Boost)  
  33  4:39  Stalker, Photon Cannon  
  33  4:43  Probe (Chrono Boost)  
  33  4:44  Probe (Chrono Boost)  
  37  4:53  Probe  
  37  4:55  Twilight Council  
  37  4:56  Probe  
  39  5:03  Pylon  
  39  5:11  Stalker  
  41  5:25  Stalker x2  
  41  5:26  Stalker  
  41  5:27  Protoss Ground Weapons Level 1 (Chrono Boost)  
  47  5:37  Charge (Chrono Boost)  
  47  5:38  Probe x2  
  47  5:40  Zealot  
  51  5:53  Gateway  
  51  5:56  Gateway  
  51  5:58  Oracle (Chrono Boost)  
  54  6:10  Zealot x2  
  58  6:15  Zealot  
  58  6:16  Probe  
  58  6:17  Probe  
  62  6:27  Zealot  
  64  6:45  Zealot  
  64  6:46  Zealot x2  
  70  6:51  Gateway  
  67  6:55  Zealot  
  67  6:59  Probe  
  70  7:34  Pylon  
  70  7:35  Pylon  
  70  7:37  Pylon  
  70  7:38  Pylon  
  70  7:39  Pylon  
  70  7:40  Pylon  
  70  7:52  Probe  
  71  7:58  Zealot x2  
  71  7:59  Zealot x5  
  57  8:21  Zealot x5  
  57  8:22  Zealot x2  
  71  8:29  Templar Archives, Probe (Chrono Boost)  
  71  8:30  Probe (Chrono Boost)  
  73  8:50  Oracle (Chrono Boost), Nexus  
  73  8:53  Pylon  
  76  8:56  Pylon  
  76  9:09  Psionic Storm  
  76  9:14  Zealot x2  
  76  9:15  Zealot x3  
  86  9:23  High Templar  
  88  9:24  High Templar  
  87  9:40  High Templar x3  
  87  9:42  Zealot x2  
  97  9:47  Assimilator  
  97  9:51  Assimilator  
  97  9:57  Photon Cannon  
  97  10:02  High Templar  
  97  10:03  Zealot x2  
  103  10:18  Zealot x3  
  109  10:45  Pylon  
  109  10:49  Pylon  
  109  10:52  Pylon  
  109  10:58  Zealot  
  109  10:59  Zealot x2  
  109  11:00  Zealot  
  117  11:16  Photon Cannon  
  117  11:19  Probe (Chrono Boost), Photon Cannon  
  117  11:21  Photon Cannon  
  117  11:23  High Templar  
  117  11:24  High Templar x2, Photon Cannon  
  124  11:29  Probe (Chrono Boost)  
  125  11:34  Probe (Chrono Boost)  
  125  11:36  Zealot  
  125  11:37  Zealot x2  
  60  12:25  Zealot x5  
  60  12:26  Zealot  
  72  12:33  Gateway  
Tags
 
Add a new tag
Caveats
  • Supply blocks, unpowered buildings, or Contaminate may cause inaccurate times.
  • Supply counts are checked every 10 seconds.